 Dungeon Crawl Stone Soup version 0.27-a0-1188-g73eefd5def (webtiles) character file.

Game seed: 16925853774119140019

41 quinnr the Grave Robber (level 3, -2/24 HPs)
             Began as a Demonspawn Necromancer on May 20, 2021.
             Slain by a hound (4 damage)
             ... on level 3 of the Dungeon.
             The game lasted 00:09:57 (1966 turns).

quinnr the Grave Robber (Demonspawn Necromancer)    Turns: 1966, Time: 00:09:57

Health: -2/24      AC:  4    Str:  8    XL:     3   Next: 32%
Magic:  1/7        EV: 12    Int: 17    God:
Gold:   10         SH:  0    Dex: 13    Spells: 3/7 levels left

rFire    . . .     SeeInvis .   i - +0 whip
rCold    . . .     Faith    .   (no shield)
rNeg     . . .     Spirit   .   a - +0 robe
rPois    .         Reflect  .   (no helmet)
rElec    .         Harm     .   (no cloak)
rCorr    .         Rampage  .   (no gloves)
Will     .....                  (no boots)
Stlth    ++........             (no amulet)
HPRegen  0.08/turn              (no ring)
MPRegen  0.10/turn              (no ring)

@: no status effects
A: slimy green scales 1
a: no special abilities


You were on level 3 of the Dungeon.
You visited 1 branch of the dungeon, and saw 3 of its levels.

You collected 10 gold pieces.

Inventory:

Hand Weapons
 i - a +0 whip (weapon)
Missiles
 j - 38 stones
Armour
 a - a +0 robe (worn)
Scrolls
 b - a scroll of immolation {unknown}
 c - a scroll of torment {unknown}
 e - a scroll of identify
 f - a scroll of amnesia {unknown}
 g - a scroll of teleportation {unknown}
 h - a scroll of blinking


   Skills:
 - Level 1.7 Dodging
 - Level 1.7 Stealth
 + Level 2.9 Spellcasting
 + Level 0.3 Hexes
 - Level 5.0 Necromancy


You had 3 spell levels left.
You knew the following spells:

 Your Spells              Type           Power      Damage    Failure   Level
a - Pain                  Necr           76%        1d7       2%          1
b - Confusing Touch       Hex            3%         N/A       43%         3

Your spell library contained the following spells:

 Spells                   Type           Power      Damage    Failure   Level
 Animate Skeleton         Necr           38%        N/A       2%          1
 Vampiric Draining        Necr           9%         2d7       7%          3
 Gell's Gravitas          Tloc           1%         N/A       47%         3
 Animate Dead             Necr           9%         N/A       22%         4
 Agony                    Necr           19%        N/A       54%         5
 Petrify                  Tmut/Erth      2%         N/A       87%         4
 Metabolic Englaciation   Hex/Ice        1%         N/A       99%         5
 Yara's Violent Unravell  Hex/Tmut       1%         3d3       99%         5


Dungeon Overview and Level Annotations

Branches:
Dungeon (3/15)

Altars:
Wu Jian


Innate Abilities, Weirdness & Mutations

You are partially covered in slimy green scales. (AC +2)


Message History

Unknown command.
You closely miss the hound.
The hound is lightly wounded.
The hound bites you but does no damage.
You barely miss the hound.
The hound is lightly wounded.
The hound bites you but does no damage. x2
You hit the hound.
The hound is heavily wounded.
The hound bites you but does no damage. x2
You hit the hound.
The hound is heavily wounded.
You are no longer corroded.
The hound bites you.
* * * LOW HITPOINT WARNING * * *
Unknown command.
You hit the hound.
The hound is heavily wounded.
The hound bites you but does no damage. x2
You barely miss the hound.
The hound is heavily wounded.
The hound bites you but does no damage.
The jelly jiggles.
The hound bites you.
* * * LOW HITPOINT WARNING * * *
Unknown command.
It was a potion of cancellation.
Your magical effects are unravelling.
You feel magically purged.
You feel less wooden.
Your +0 robe unmelds from your body.
The hound closely misses you.
Unknown command.
The hound bites you.
* * * LOW HITPOINT WARNING * * *
Unknown command.
As you read the scroll labelled SOPAAS HOZIHE, it crumbles to dust.
It is a scroll of identify.
h - a scroll of blinking The hound bites you.
You die...

#.#.#..#
...... #<..
#.#########.#
#......<....#
####..#####.#
#. #J# # #h#
#@# #.# #.#
... ###


You could see a hound and a jelly.

Vanquished Creatures
  An adder (D:2)
  An orc (D:2)
  3 bats
  4 endoplasms (D:1)
  2 goblins (D:1)
  A hobgoblin (D:1)
  A jackal (D:3)
  3 quokkas
  3 ball pythons (D:1)
  A frilled lizard (D:1)
  5 kobolds (D:1)
  2 rats
27 creatures vanquished.

Notes
Turn   | Place    | Note
-------+----------+-------------------------------------------
     0 | D:1      | quinnr the Demonspawn Necromancer began the quest for the
                  | Orb.
     0 | D:1      | Reached XP level 1. HP: 13/13 MP: 3/3
     0 | D:1      | quinnr: ??pain
     0 | D:1      | beem: pain[1/3]: L1 necro spell, exclusive to the Book of
                  | Necromancy. Inflicts 1hp non-fatal damage on the caster.
                  | Does 1d(4 + pow/5) damage, with a limit of 25 power, and
                  | bypasses AC - but checks Will and only affects monsters
                  | without life protection, or players without torment
                  | immunity. You might've been looking for {pain brand}.
   578 | D:1      | Gained mutation: You are partially covered in slimy green
                  | scales. (AC +2) [demonic ancestry]
   578 | D:1      | Reached XP level 2. HP: 16/19 MP: 0/5
  1130 | D:1      | Found a faded altar of an unknown god.
  1198 | D:1      | Reached skill level 5 in Necromancy
  1590 | D:2      | Found an ornate altar of the Wu Jian Council.
  1614 | D:2      | Reached XP level 3. HP: 16/24 MP: 2/7
  1766 | D:1      | Learned a level 3 spell: Confusing Touch
  1965 | D:3      | HP: 2/24 [hound (2)]
  1966 | D:3      | Slain by a hound

Illustrated notes

Levels and vault maps discovered:
D:1:      lightli_arrival_farm, layout_basic,
          hellmonk_ecumenical_altar_inner_sanctum
D:2:      wad_pebble_path, layout_rooms, basic_altar,
          minmay_misc_feat_secret_circle
D:3:      layout_loops_ring, nicolae_sif_muna_little_library,
          general_overflow_altar

Skill      XL: |  1  2 |
---------------+-------+-----
Necromancy     | 5 |  5.0
Dodging        | |  1.7
Stealth        | |  1.7
Spellcasting   | |  2.9
Hexes          | |  0.3

Action                   || total
-------------------------++-------
Melee: Unarmed           ||    12
       Whip              ||     9
 Cast: Pain              ||    53
  Use: Potion            ||     2
       Scroll            ||     1
Armor: Robe              ||    12
       Skin              ||    10
Dodge: Dodged            ||    27

Table legend: (Time is in decaauts)
 A = Elapsed time spent in this place.
 B = Non-inter-level travel time spent in this place.
 C = Inter-level travel time spent in this place.
 D = Time resting spent in this place.
 E = Time spent auto-exploring this place.
 F = Levels seen in this place.
 G = Mean time per level.
                   A        B        C        D        E       F      G
               +--------+--------+--------+--------+--------+-----+--------+
         Total |   1990 |   1923 |     67 |    198 |   1491 |   3 |  663.3 |
       Dungeon |   1990 |   1923 |     67 |    198 |   1491 |   3 |  663.3 |
               +--------+--------+--------+--------+--------+-----+--------+

Top non-repeatable levels by time:
     D:1: 1748 daAuts
     D:2: 213 daAuts
     D:3: 28 daAuts
